Ilztune, chaotic male elven Ranger # ----------- ---|----- |.........| |.......| ##..........-##[###---------- |.......| -------- # |.........| #.........| |.>.....| |......-#### ----------- |.........#############|........###### |......| #.d.@.....| #........| # |......| #---------- --------- ###------ -.------ # #.....| # # |....| # # |....| # ----- # |....| ## |...| ### # |....| --.-- |...-########-----|-- |....| |...| |...|### #......<.####`###)########------- ------ |...-###############.....# |......| #......| |...| ----- |.......###############) |.....| ----- |......| # |.....| |......| ##-.....| -------- ------- Ilztune the Lookout Experience level: 4 Strength: 13 Dexterity: 12 Constitution: 15 Intelligence: 14 Wisdom: 15 Charisma: 7 Health: 24(24) Energy: 28(28) Def: 3 Gold: 451 Moves: 3696 Dungeon seed: ksxw0mJzGG9rJyJl Game ID: Ilztune_1522009300 Your Inventory: Coins $ - 451 gold pieces Weapons a - an uncursed +1 elven dagger (alternate weapon; not wielded) b - an uncursed +1 elven bow (weapon in hand) c - 42 uncursed +2 elven arrows (in quiver) d - 38 uncursed +0 elven arrows k - 9 blessed +1 crossbow bolts q - 2 uncursed +0 daggers C - 10 uncursed +0 shuriken G - 11 cursed +0 arrows Armor e - an uncursed +2 elven cloak (being worn) n - an uncursed +1 dwarvish cloak y - an uncursed +0 dwarvish cloak N - an uncursed +0 orcish helm Comestibles f - 4 uncursed lembas wafers Scrolls s - a cursed scroll of identify w - an uncursed scroll of charging I - 2 uncursed scrolls of blank paper J - a cursed scroll of blank paper Spellbooks K - an uncursed spellbook of speed monster Potions o - 2 uncursed potions of hallucination x - an uncursed potion of water D - an uncursed potion of gain energy Wands g - an uncursed wand of light (0:13) i - an uncursed wand of make invisible (0:5) p - an uncursed wand of magic missile (0:5) t - an uncursed wand of create monster (0:6) F - an uncursed wand of cold (0:6) Gems r - an uncursed topaz stone z - an uncursed worthless piece of blue glass Spells and supernatural/magical abilities: Name Level Category Cost Memory W - pray for help -- divine ? -- Your skills at the end: Fighting Skills wands [Basic] Weapon Skills dagger [Basic] bow [Basic] Spellcasting Skills Final Attributes: You were sleep resistant. You saw invisible. You had automatic searching. You had infravision. You were stealthy. You are dead. Vanquished creatures: a rock piercer a shrieker a paper golem a kitten a dwarf a giant bat a dwarf zombie 4 iguanas 2 coyotes 2 hobbits a hobgoblin 3 giant rats a yellow mold 3 gnomes 3 garter snakes 2 geckos 7 jackals a fox a kobold 6 goblins 5 sewer rats 9 grid bugs a bat 3 lichens a kobold zombie 9 newts 71 creatures vanquished. Voluntary challenges: You were an atheist. You used a wielded weapon 31 times, starting on turn 89. You read items or engraved 1 time, starting on turn 3240. You never genocided any monsters. You never polymorphed an object. You never changed form. You used no wishes. You never split a pudding. You never wrote Elbereth's name. You never violated your personal moral code. Dungeon overview: The Dungeons of Doom: levels 1 to 5 Level 1 a fountain a long staircase Level 2 Level 3 a general store stairs to The Gnomish Mines Level 4 a fountain Level 5 <- You were here The Gnomish Mines: Level 4 stairs to The Dungeons of Doom History has recorded: On T:1 you entered the Dungeons of Doom to retrieve the Amulet of Yendor! On T:330 you reached level 2 of The Dungeons of Doom. On T:1031 you advanced to experience level 2. On T:1543 you reached level 3 of The Dungeons of Doom. On T:1717 you advanced to experience level 3. On T:1818 you reached level 1 of The Gnomish Mines. On T:2301 you reached level 4 of The Dungeons of Doom. On T:2994 you reached level 5 of The Dungeons of Doom. On T:2998 you advanced to experience level 4. Score breakdown: Gold: 451 ( 9031 points) Experience: 4 levels ( 9649 points) Exploration: 5 levels ( 10.87%) ( 8944 points) Discoveries: 0 items ( 0.00%) ( 0 points) Valuables value: (no points given unless you survive) Artifact value: 0 ( 0 points) Variety of kills: 26 monsters ( 6.84%) ( 7847 points) Turncount: 3696 turns ( -908 points) Survival: died (score multiplied by 80%) Total score: 27650 Latest messages: You shoot 2 elven arrows. The 1st elven arrow hits the rock piercer! The 2nd elven arrow misses the rock piercer. The elven arrow hits the rock piercer! You shoot 2 elven arrows. The 1st elven arrow hits the rock piercer! You kill the rock piercer! c - 7 uncursed +2 elven arrows (in quiver). You see here a female dwarf corpse. You rebalance your load. Movement is difficult. L - a female dwarf corpse. [2 turns] Ulch! That meat was tainted! You feel deathly sick. You displace Sirius. c - an uncursed +2 elven arrow (in quiver). You stop. Sirius is in the way! You displace Sirius. You die from your illness. Final status: Goodbye Ilztune the Ranger, poisoned by a rotted female dwarf corpse... You were poisoned in The Dungeons of Doom on dungeon level 5 with 27650 points, and 451 pieces of gold, after 3696 moves. You were level 4 with a maximum of 24 hit points when you were poisoned.